 Dungeon Crawl Stone Soup version 0.32-a0-612-g1c984fe9d1 (webtiles) character file.

Game seed: 13392007662136737976

144 Aldia the Chopper (level 5, 15/41 HPs)
             Began as a Mountain Dwarf Reaver on Mar 4, 2024.
             Quit the game on level 3 of the Dungeon.
             The game lasted 00:05:43 (2374 turns).

Aldia the Chopper (Mountain Dwarf Reaver)           Turns: 2374, Time: 00:05:43

Health: 15/41      AC:  8    Str: 16      XL:     5   Next: 5%
Magic:  8/8        EV:  7    Int: 12 (14) God:
Gold:   54         SH:  0    Dex:  7 (8)  Spells: 3/8 levels left

rFire   + . .        a - +0 hand axe
rCold   . . .        (no shield)
rNeg    . . .        j - +0 chain mail
rPois   .            (no helmet)
rElec   .            (no cloak)
rCorr   .            (no gloves)
SInv    .            (no boots)
Will    .....        (no amulet) Stlth
                     f - +4 ring of protection
HPRegen 1.06/turn    h - ring of protection from fire
MPRegen 0.11/turn

%: no passive effects
@: no status effects
A: runic magic, artefact enchanting, deformed body, frail 1, regeneration 1,
MP-powered wands
a: no special abilities


You were on level 3 of the Dungeon.
You visited 1 branch of the dungeon, and saw 3 of its levels.

You collected 54 gold pieces.

Inventory:

Hand Weapons
 a - a +0 hand axe (weapon)
Armour
 b - a +0 leather armour
 j - a +0 chain mail (worn)
Jewellery
 f - a +4 ring of protection (left hand)
 h - a ring of protection from fire (right hand)
 l - a ring of resist corrosion
Scrolls
 e - a scroll of vulnerability {unknown}
 g - a scroll of identify {unknown}
 i - a scroll of torment {unknown}
 n - a scroll of fog {unknown}
Potions
 c - a potion of heal wounds
 d - a potion of haste {unknown}
 m - a potion of mutation
 o - a potion of curing {unknown}
 p - a potion of resistance {unknown}


   Skills:
 + Level 3.6 Fighting
 + Level 4.6 Axes
 + Level 1.2 Armour
 - Level 1.3 Dodging
 - Level 2.0 Spellcasting
 - Level 3.0 Conjurations
 * Level 2.3 Necromancy


You had 3 spell levels left.
You knew the following spells:

 Your Spells              Type           Power      Damage    Failure   Level
a - Kiss of Death         Conj/Necr      28%        2d7       17%         1
b - Animate Armour        Summ/Erth      2%         N/A       99%         4

Your spell library contained the following spells:

 Spells                   Type           Power      Damage    Failure   Level
 Foxfire                  Conj/Fire      16%        2x1d4     28%         1
 Momentum Strike          Conj/Tloc      8%         3d8       38%         2
 Hailstorm                Conj/Ice       4%         3d5       63%         3
 Teleport Other           Tloc           1%         N/A       83%         3
 Dimensional Bullseye     Hex/Tloc       0%         N/A       99%         4
 Summon Lightning Spire   Summ/Air       1%         N/A       99%         4
 Borgnjor's Vile Clutch   Necr/Erth      2%         N/A       100%        5
 Lee's Rapid Deconstruct  Erth           0%         3d4*      100%        5
 Plasma Beam              Fire/Air       0%         2x1d10    100%        6
 Starburst                Conj/Fire      2%         6d3       100%        6


Dungeon Overview and Level Annotations

Branches:
Dungeon (3/15)

Altars:


Innate Abilities, Weirdness & Mutations

Your spellcasting is much less encumbered by armour.
You can use scrolls of enchantment on lesser artefacts.
Armour fits poorly on your strangely shaped body.
You are frail. (-10% HP)
Your natural rate of healing is unusually fast.
You expend magic power (3 MP) to strengthen your wands.


Message History

Unknown command.
You hit the orc wizard but do no damage.
The orc wizard is severely wounded.
You hit the ribbon worm.
You feel sick. The ribbon worm bites you.
* * * LOW HITPOINT WARNING * * *
The orc wizard hits you but does no damage.
You closely miss the ribbon worm.
The ribbon worm is lightly wounded.
You hit the orc wizard.
You kill the orc wizard!
You feel sick.
You are no longer poisoned.
The ribbon worm bites you.
* * * LOW HITPOINT WARNING * * *
You feel your strength returning.
You have reached level 5!
You're too confused to move!
You feel less confused. The ribbon worm bites you.
* * * LOW HITPOINT WARNING * * *
You hit the ribbon worm.
The ribbon worm is lightly wounded.
The ribbon worm bites you.
* * * LOW HITPOINT WARNING * * *
You hit the ribbon worm.
The ribbon worm is moderately wounded.
The ribbon worm bites you.
* * * LOW HITPOINT WARNING * * *
You hit the ribbon worm.
The ribbon worm is severely wounded.
The ribbon worm bites you.
* * * LOW HITPOINT WARNING * * *
Unknown command.
You slash the ribbon worm!
You kill the ribbon worm!
Things that are here:
a +2 short sword of venom; a ribbon worm corpse; an orc corpse
Things that are here:
a +2 short sword of venom; a ribbon worm corpse; an orc corpse Are you sure you want to abandon this character and quit the game? (Confirm with "yes".)

..............................
##.#...#######....#.....#+###
.......# ####.####.##.#
.......# #.#.......# ...#..##
#.#.##.#### #..#..# #.#.##.#
......###########....#.###
#.............(...........
...#.#..##.###.#@#..##.####
...#.#..##.#...)..)........
.#.#.##........#.#.....###
...#.##.##.....)....#####
.#......####..#..........
...###### #..#.#.#.##### ...#
#..#.#.#.# ####
#####......#.##
#........))...##


There were no monsters in sight!

Vanquished Creatures
  Terence (D:2)
  2 orc wizards (D:3)
  An adder (D:2)
  A dart slug (D:2)
  2 ribbon worms
  4 orcs (D:3)
  6 endoplasms
  3 giant cockroaches (D:1)
  3 goblins
  8 hobgoblins
  6 kobolds
  A quokka (D:1)
  4 ball pythons
  2 bats
  4 frilled lizards (D:1)
  A rat (D:2)
49 creatures vanquished.

Notes
Turn   | Place    | Note
-------+----------+-------------------------------------------
     0 | D:1      | Aldia the Mountain Dwarf Reaver began the quest for the
                  | Orb.
     0 | D:1      | Reached XP level 1. HP: 17/17 MP: 3/3
   107 | D:1      | Reached skill level 4 in Axes
   125 | D:1      | Reached XP level 2. HP: 14/25 MP: 4/4
   395 | D:1      | Reached skill level 1 in Necromancy
   810 | D:1      | Reached XP level 3. HP: 29/31 MP: 5/5
  1133 | D:2      | Got the Catalogue of Geological Geometries
  1157 | D:2      | Noticed Terence
  1173 | D:2      | Killed Terence
  1657 | D:2      | Reached XP level 4. HP: 29/37 MP: 6/6
  1943 | D:2      | Found a faded altar of an unknown god.
  2227 | D:3      | Reached skill level 1 in Armour
  2232 | D:3      | Learned a level 4 spell: Animate Armour
  2354 | D:3      | Gained mutation: Armour fits poorly on your strangely
                  | shaped body. [potion of mutation]
  2354 | D:3      | Gained mutation: Your natural rate of healing is unusually
                  | fast. [potion of mutation]
  2354 | D:3      | Gained mutation: You are frail. (-10% HP) [potion of
                  | mutation]
  2354 | D:3      | Gained mutation: You expend magic power (3 MP) to
                  | strengthen your wands. [potion of mutation]
  2357 | D:3      | Reached XP level 5. HP: 8/41 MP: 8/8
  2360 | D:3      | HP: 1/41 [ribbon worm (6)]
  2374 | D:3      | Quit the game

Illustrated notes

Levels and vault maps discovered:
D:1:      sevenhm_arrival_forest_fort_small_3, layout_basic, dk_noncrumbling_3,
          chequers_mini_garden, minmay_tiny_reverse_x
D:2:      wander_river, layout_basic, shapermc_ecumenical_altar_petra,
          uniq_terence
D:3:      layout_basic, mainiacjoe_overflow_alcove_4, serial_glass,
          glass_columns_a, glass_columns_a, glass_columns_c, glass_columns_c,
          glass_columns_c, glass_columns_a

Skill      XL: |  1  2  3  4 |
---------------+-------------+-----
Axes           | 4 |  4.6
Necromancy     | 1 2 |  2.3
Fighting       | 3 |  3.6
Armour         | 1 |  1.2
Spellcasting   | 2 |  2.0
Conjurations   | 3 |  3.0
Dodging        | |  1.3

Action                     |  1- 3 |  4- 6 || total
---------------------------+-------+-------++-------
  Melee: Hand axe          |    95 |   113 ||   208
   Cast: Kiss of Death     |     1 |       ||     1
    Use: Potion            |       |     3 ||     3
 Armour: Leather armour    |    48 |       ||    48
         Chain mail        |    18 |   144 ||   162
  Dodge: Dodged            |    43 |    27 ||    70

Table legend: (Time is in decaauts)
 A = Elapsed time spent in this place.
 B = Non-inter-level travel time spent in this place.
 C = Inter-level travel time spent in this place.
 D = Time resting spent in this place.
 E = Time spent auto-exploring this place.
 F = Levels seen in this place.
 G = Mean time per level.
                   A        B        C        D        E       F      G
               +--------+--------+--------+--------+--------+-----+--------+
         Total |   2426 |   2339 |     87 |      0 |   1847 |   3 |  808.7 |
       Dungeon |   2426 |   2339 |     87 |      0 |   1847 |   3 |  808.7 |
               +--------+--------+--------+--------+--------+-----+--------+

Top non-repeatable levels by time:
     D:1: 1120 daAuts
     D:2: 959 daAuts
     D:3: 346 daAuts
